TOP OF THE 1ST |
Oregon State University Beavers batting - Pitching for California State University at Fullerton Titans : RHP Craig Fallon
|
Pitching: RHP Craig Fallon
|
|
Batting: SHB Berthold Frey
|
0-0: Called Strike 0-1: Ball 1-1: Swinging Strike 1-2: Fly out, F7 (Line Drive, 7, EV 85.6 MPH)
|
Batting: RHB Simon Leiker
|
0-0: Called Strike 0-1: Ball 1-1: Ball 2-1: Swinging Strike 2-2: Foul Ball, location: 2F 2-2: Ball 3-2: Foul Ball, location: 2F 3-2: Foul Ball, location: 2F 3-2: Base on Balls
|
Batting: RHB Sal Cervantes
|
0-0: Ball 1-0: SINGLE (Line Drive, 89S, EV 87.5 MPH) Simon Leiker to second Runner from 2nd tries for 3rd, SAFE, no throw by RF
|
Batting: RHB Melvin Gomez
|
0-0: Called Strike 0-1: Fly out, F3 (Popup, 3S, EV 71.3 MPH)
|
Batting: RHB Gabe Gutierrez
|
0-0: Ground out 6-3 (Groundball, 56, EV 108.1 MPH)
|
Top of the 1st over - 0 runs, 1 hit, 0 errors, 2 left on base; Oregon State University 0 - California State University at Fullerton 0 |
BOTTOM OF THE 1ST |
California State University at Fullerton Titans batting - Pitching for Oregon State University Beavers : RHP Ruben Valle
|
Pitching: RHP Ruben Valle
|
|
Batting: RHB Ben Eubanks
|
0-0: Ball 1-0: Swinging Strike 1-1: Called Strike 1-2: Strikes out swinging
|
Batting: RHB Ingidayehu Lagat
|
0-0: Foul Ball, location: 2F 0-1: Ball 1-1: Foul Ball, location: 2F 1-2: Foul Ball, location: 2F 1-2: SINGLE (Groundball, 6MD, EV 99.4 MPH)
|
Batting: LHB Dana McDonald
|
0-0: Called Strike 0-1: Fly out, F7 (Flyball, 7LS, EV 86.9 MPH)
|
Batting: LHB Bobby Gambrell
|
0-0: Ball 1-0: Foul Ball, location: 2F 1-1: Fly out, F6 (Flyball, 56D, EV 94.4 MPH)
|
Bottom of the 1st over - 0 runs, 1 hit, 0 errors, 1 left on base; Oregon State University 0 - California State University at Fullerton 0 |
TOP OF THE 2ND |
Oregon State University Beavers batting - Pitching for California State University at Fullerton Titans : RHP Craig Fallon
|
Batting: RHB Chris Norris
|
0-0: Called Strike 0-1: SINGLE (Flyball, 3D, EV 90.0 MPH)
|
Batting: LHB Aaron Mobley
|
0-0: Ball 1-0: Ball 2-0: Grounds into double play, 1-6-3 (Groundball, 13, EV 67.5 MPH)
|
Batting: RHB Nick Tiernan
|
0-0: Ball 1-0: Foul Ball, location: 2F 1-1: Called Strike 1-2: Foul Ball, location: 2F 1-2: Ball 2-2: Ball 3-2: SINGLE (Groundball, P, EV 80.0 MPH) (infield hit)
|
Batting: RHB Ruben Valle
|
0-0: Foul Ball, location: 2F 0-1: Called Strike 0-2: Strikes out swinging
|
Top of the 2nd over - 0 runs, 2 hits, 0 errors, 1 left on base; Oregon State University 0 - California State University at Fullerton 0 |
BOTTOM OF THE 2ND |
California State University at Fullerton Titans batting - Pitching for Oregon State University Beavers : RHP Ruben Valle
|
Batting: SHB Trevor Weareorwear
|
0-0: Called Strike 0-1: Ball 1-1: Ball 2-1: Swinging Strike 2-2: Foul Ball, location: 2F 2-2: Foul Ball, location: 2F 2-2: Ball 3-2: Strikes out swinging
|
Batting: RHB Michael Rogers
|
0-0: Called Strike 0-1: Ball 1-1: Called Strike 1-2: Ball 2-2: Strikes out looking
|
Batting: LHB Caleb Domino
|
0-0: Ball 1-0: Called Strike 1-1: Swinging Strike 1-2: Ground out U3 (Groundball, 3, EV 91.9 MPH)
|
Bottom of the 2nd over - 0 runs, 0 hits, 0 errors, 0 left on base; Oregon State University 0 - California State University at Fullerton 0 |
TOP OF THE 3RD |
Oregon State University Beavers batting - Pitching for California State University at Fullerton Titans : RHP Craig Fallon
|
Batting: SHB Berthold Frey
|
0-0: Foul Ball, location: 2F 0-1: SINGLE (Groundball, 56S, EV 73.8 MPH) (infield hit)
|
Batting: RHB Simon Leiker
|
0-0: Foul Ball, location: 2F 0-1: Swinging Strike 0-2: Ball 1-2: Foul Ball, location: 2F 1-2: Ball 2-2: SINGLE (Groundball, 56D, EV 106.9 MPH) Berthold Frey to second
|
Batting: RHB Sal Cervantes
|
0-0: Grounds into double play, 5-4-3 (Groundball, 5, EV 88.8 MPH) Berthold Frey to third
|
Batting: RHB Melvin Gomez
|
0-0: Single, Error in OF, E7, batter to second base (Groundball, 6D, EV 97.5 MPH) Berthold Frey scores
|
Batting: RHB Gabe Gutierrez
|
0-0: Fly out, F7 (Flyball, 78D, EV 104.4 MPH)
|
Top of the 3rd over - 1 run, 3 hits, 1 error, 1 left on base; Oregon State University 1 - California State University at Fullerton 0 |
BOTTOM OF THE 3RD |
California State University at Fullerton Titans batting - Pitching for Oregon State University Beavers : RHP Ruben Valle
|
Batting: RHB Dusty Ballard
|
0-0: Ball 1-0: Called Strike 1-1: Swinging Strike 1-2: Ball 2-2: Strikes out looking
|
Batting: RHB Craig Fallon
|
0-0: Ball 1-0: Swinging Strike 1-1: Swinging Strike 1-2: Ground out 6-3 (Groundball, 6, EV 104.4 MPH)
|
Batting: RHB Ben Eubanks
|
0-0: Ball 1-0: Foul Ball, location: 2F 1-1: Ground out 6-3 (Groundball, 6, EV 76.3 MPH)
|
Bottom of the 3rd over - 0 runs, 0 hits, 0 errors, 0 left on base; Oregon State University 1 - California State University at Fullerton 0 |
TOP OF THE 4TH |
Oregon State University Beavers batting - Pitching for California State University at Fullerton Titans : RHP Craig Fallon
|
Batting: RHB Chris Norris
|
0-0: SINGLE (Flyball, 78S, EV 97.5 MPH)
|
Batting: LHB Aaron Mobley
|
0-0: Ball 1-0: Foul Ball, location: 2F 1-1: Swinging Strike 1-2: Strikes out looking
|
Batting: RHB Nick Tiernan
|
0-0: Called Strike 0-1: Ball 1-1: Ball 2-1: Foul Ball, location: 2F 2-2: Ball 3-2: Strikes out swinging
|
Batting: RHB Ruben Valle
|
0-0: Called Strike 0-1: Ball 1-1: Swinging Strike 1-2: Foul Ball, location: 2F 1-2: Ball 2-2: Strikes out looking
|
Top of the 4th over - 0 runs, 1 hit, 0 errors, 1 left on base; Oregon State University 1 - California State University at Fullerton 0 |
BOTTOM OF THE 4TH |
California State University at Fullerton Titans batting - Pitching for Oregon State University Beavers : RHP Ruben Valle
|
Batting: RHB Ingidayehu Lagat
|
0-0: Called Strike 0-1: Swinging Strike 0-2: Strikes out swinging
|
Batting: LHB Dana McDonald
|
0-0: Ball 1-0: Foul Ball, location: 2F 1-1: Foul Ball, location: 2F 1-2: Ball 2-2: Foul Ball, location: 2F 2-2: Ball 3-2: Ground out 6-3 (Groundball, 6, EV 99.4 MPH)
|
Batting: LHB Bobby Gambrell
|
0-0: Foul Ball, location: 2F 0-1: DOUBLE (Line Drive, 89D, EV 105.6 MPH)
|
Batting: SHB Trevor Weareorwear
|
0-0: Ball 1-0: Ball 2-0: Ball 3-0: Called Strike 3-1: Base on Balls
|
Batting: RHB Michael Rogers
|
0-0: Called Strike 0-1: Ball 1-1: Swinging Strike 1-2: Ground out 1-3 (Groundball, 34S, EV 64.4 MPH)
|
Bottom of the 4th over - 0 runs, 1 hit, 0 errors, 2 left on base; Oregon State University 1 - California State University at Fullerton 0 |
TOP OF THE 5TH |
Oregon State University Beavers batting - Pitching for California State University at Fullerton Titans : RHP Craig Fallon
|
Batting: SHB Berthold Frey
|
0-0: Called Strike 0-1: Ball 1-1: Ball 2-1: Swinging Strike 2-2: Strikes out looking
|
Batting: RHB Simon Leiker
|
0-0: Hit by Pitch
|
Batting: RHB Sal Cervantes
|
0-0: Ball 1-0: Foul Ball, location: 2F 1-1: Called Strike 1-2: Foul Ball, location: 2F 1-2: Ball 2-2: Foul Ball, location: 2F 2-2: Ball 3-2: Fly out, F7 (Flyball, 78M, EV 86.3 MPH)
|
Pitching: RHP Aaron Garard
|
|
Now at C: Jayden Bain
|
|
Batting: RHB Melvin Gomez
|
0-0: SINGLE (Groundball, 56D, EV 85.0 MPH) (infield hit) Simon Leiker to second
|
Batting: RHB Gabe Gutierrez
|
0-0: Foul Ball, location: 2F 0-1: Ball 1-1: Ball 2-1: Swinging Strike 2-2: Ball 3-2: Base on Balls Simon Leiker to third Melvin Gomez to second
|
Batting: RHB Chris Norris
|
0-0: Foul Ball, location: 2F 0-1: Ball 1-1: Ball 2-1: Swinging Strike 2-2: Strikes out swinging
|
Top of the 5th over - 0 runs, 1 hit, 0 errors, 3 left on base; Oregon State University 1 - California State University at Fullerton 0 |
BOTTOM OF THE 5TH |
California State University at Fullerton Titans batting - Pitching for Oregon State University Beavers : RHP Ruben Valle
|
Batting: LHB Caleb Domino
|
0-0: Ball 1-0: Ball 2-0: Foul Ball, location: 2F 2-1: Foul Ball, location: 2F 2-2: Foul Ball, location: 2F 2-2: Strikes out swinging
|
Batting: RHB Dusty Ballard
|
0-0: Foul Ball, location: 2F 0-1: Foul Ball, location: 2F 0-2: Foul Ball, location: 2F 0-2: Ball 1-2: Ground out 6-3 (Groundball, 6, EV 77.5 MPH)
|
Batting: RHB Jayden Bain
|
0-0: Called Strike 0-1: Ball 1-1: Ball 2-1: Called Strike 2-2: Ball 3-2: Strikes out swinging
|
Bottom of the 5th over - 0 runs, 0 hits, 0 errors, 0 left on base; Oregon State University 1 - California State University at Fullerton 0 |
TOP OF THE 6TH |
Oregon State University Beavers batting - Pitching for California State University at Fullerton Titans : RHP Aaron Garard
|
Batting: LHB Aaron Mobley
|
0-0: Foul Ball, location: 2F 0-1: Ball 1-1: Ball 2-1: Swinging Strike 2-2: Foul Ball, location: 2F 2-2: Foul Ball, location: 2F 2-2: Ball 3-2: Strikes out swinging
|
Batting: RHB Nick Tiernan
|
0-0: Called Strike 0-1: Ball 1-1: Ground out 6-3 (Groundball, 56, EV 87.5 MPH)
|
Pinch Hitting: RHB Nick Cummings
|
0-0: Called Strike 0-1: Foul Ball, location: 2F 0-2: Strikes out looking
|
Top of the 6th over - 0 runs, 0 hits, 0 errors, 0 left on base; Oregon State University 1 - California State University at Fullerton 0 |
BOTTOM OF THE 6TH |
California State University at Fullerton Titans batting - Pitching for Oregon State University Beavers : RHP Ruben Valle
|
Pitching: RHP Bill Blair
|
|
Batting: RHB Ben Eubanks
|
0-0: SINGLE (Groundball, 56, EV 106.9 MPH)
|
Batting: RHB Ingidayehu Lagat
|
0-0: Fly out, F4 (Line Drive, 4, EV 71.3 MPH)
|
Batting: LHB Dana McDonald
|
0-0: Called Strike 0-1: Ball 1-1: Foul Ball, location: 2F 1-2: Foul Ball, location: 2F 1-2: SINGLE (Flyball, 7S, EV 86.9 MPH) Ben Eubanks to second
|
Batting: LHB Bobby Gambrell
|
0-0: Foul Ball, location: 2F 0-1: Ball 1-1: Swinging Strike 1-2: Strikes out looking
|
Pinch Hitting: RHB Ed Oake
|
0-0: Ball 1-0: Ground out 3-1 (Groundball, 34, EV 108.1 MPH)
|
Bottom of the 6th over - 0 runs, 2 hits, 0 errors, 2 left on base; Oregon State University 1 - California State University at Fullerton 0 |
TOP OF THE 7TH |
Oregon State University Beavers batting - Pitching for California State University at Fullerton Titans : RHP Aaron Garard
|
Pitching: LHP Matt Allert
|
|
Batting: SHB Berthold Frey
|
0-0: Fly out, F7 (Flyball, 7S, EV 85.6 MPH)
|
Batting: RHB Simon Leiker
|
0-0: Ball 1-0: Foul Ball, location: 2F 1-1: Called Strike 1-2: Ball 2-2: Ball 3-2: SINGLE (Groundball, P, EV 92.5 MPH) (infield hit)
|
Batting: RHB Sal Cervantes
|
0-0: SINGLE (Line Drive, 89M, EV 95.0 MPH) Simon Leiker to second Runner from 2nd tries for 3rd, SAFE, throw by RF made to third Sal Cervantes to second
|
Batting: RHB Melvin Gomez
|
0-0: Intentional Walk
|
Batting: RHB Gabe Gutierrez
|
0-0: Ball 1-0: Ball 2-0: Ball 3-0: Called Strike 3-1: Base on Balls Simon Leiker scores Sal Cervantes to third Melvin Gomez to second
|
Batting: RHB Chris Norris
|
0-0: Ball 1-0: Ball 2-0: Called Strike 2-1: Foul Ball, location: 2F 2-2: Fly out, F9 (Flyball, 89M, EV 73.8 MPH) Runner from 3rd tags up, SCORES, no throw by RF
|
Batting: LHB Aaron Mobley
|
0-0: Called Strike 0-1: Called Strike 0-2: Foul Ball, location: 2F 0-2: Fly out, F8 (Flyball, 8RD, EV 105.6 MPH)
|
Top of the 7th over - 2 runs, 2 hits, 0 errors, 2 left on base; Oregon State University 3 - California State University at Fullerton 0 |
BOTTOM OF THE 7TH |
California State University at Fullerton Titans batting - Pitching for Oregon State University Beavers : RHP Bill Blair
|
Batting: RHB Michael Rogers
|
0-0: Foul Ball, location: 2F 0-1: Ball 1-1: Called Strike 1-2: Foul Ball, location: 2F 1-2: Ball 2-2: Foul Ball, location: 2F 2-2: Ball 3-2: Base on Balls
|
Batting: LHB Caleb Domino
|
0-0: Ball 1-0: Ball 2-0: Fly out, F8 (Flyball, 89XD, EV 86.3 MPH)
|
Batting: RHB Dusty Ballard
|
0-0: Ball 1-0: Foul Ball, location: 2F 1-1: Foul Ball, location: 2F 1-2: Hit by Pitch Michael Rogers to second
|
Batting: RHB Jayden Bain
|
0-0: Foul Ball, location: 2F 0-1: SINGLE (Groundball, P, EV 85.6 MPH) (infield hit) Michael Rogers to third Dusty Ballard to second
|
Pinch Hitting: RHB T.J. Spina
|
0-0: Called Strike 0-1: Swinging Strike 0-2: Foul Ball, location: 2F 0-2: Ball 1-2: Foul Ball, location: 2F 1-2: Foul Ball, location: 2F 1-2: Fly out, F7 (Flyball, 78D, EV 101.9 MPH) Runner from 3rd tags up, SCORES, throw by LF Dusty Ballard to third
|
Batting: RHB Ingidayehu Lagat
|
0-0: Called Strike 0-1: Foul Ball, location: 2F 0-2: Ball 1-2: Ball 2-2: Ball 3-2: Ground out 4-3 (Groundball, 13, EV 88.1 MPH)
|
Bottom of the 7th over - 1 run, 1 hit, 0 errors, 2 left on base; Oregon State University 3 - California State University at Fullerton 1 |
TOP OF THE 8TH |
Oregon State University Beavers batting - Pitching for California State University at Fullerton Titans : LHP Matt Allert
|
Pitching: RHP Joe Corona
|
|
Now in RF: Ian Thompson
|
|
Batting: RHB Nick Tiernan
|
0-0: Ball 1-0: Ball 2-0: Ball 3-0: Base on Balls
|
Pinch Hitting: RHB Puluke Konane
|
0-0: Fly out, F7 (Flyball, 7LM, EV 91.3 MPH) Runner from 1st tags up, SAFE at 2nd
|
Batting: SHB Berthold Frey
|
0-0: Swinging Strike 0-1: Foul Ball, location: 2F 0-2: Strikes out looking
|
Batting: RHB Simon Leiker
|
0-0: Ball 1-0: Ball 2-0: Called Strike 2-1: Ground out 5-3 (Groundball, 56, EV 93.8 MPH)
|
Top of the 8th over - 0 runs, 0 hits, 0 errors, 1 left on base; Oregon State University 3 - California State University at Fullerton 1 |
BOTTOM OF THE 8TH |
California State University at Fullerton Titans batting - Pitching for Oregon State University Beavers : RHP Bill Blair
|
Pitching: RHP George Clarke
|
|
Batting: LHB Dana McDonald
|
0-0: Ball 1-0: Swinging Strike 1-1: Swinging Strike 1-2: Strikes out looking
|
Batting: LHB Bobby Gambrell
|
0-0: DOUBLE (Line Drive, 78M, EV 105.0 MPH)
|
Batting: SHB Ian Thompson
|
0-0: Ball 1-0: Swinging Strike 1-1: Ball 2-1: Called Strike 2-2: Strikes out swinging, 2-3 out at first.
|
Batting: RHB Michael Rogers
|
0-0: Called Strike 0-1: Ball 1-1: Ball 2-1: Ground out 4-3 (Groundball, 4M, EV 81.9 MPH)
|
Bottom of the 8th over - 0 runs, 1 hit, 0 errors, 1 left on base; Oregon State University 3 - California State University at Fullerton 1 |
TOP OF THE 9TH |
Oregon State University Beavers batting - Pitching for California State University at Fullerton Titans : RHP Joe Corona
|
Batting: RHB Sal Cervantes
|
0-0: Called Strike 0-1: Ball 1-1: Fly out, F8 (Line Drive, 8RD, EV 105.6 MPH)
|
Batting: RHB Melvin Gomez
|
0-0: Swinging Strike 0-1: SINGLE (Line Drive, 89S, EV 91.9 MPH)
|
Batting: RHB Gabe Gutierrez
|
0-0: Called Strike 0-1: Called Strike 0-2: SINGLE (Line Drive, 8LM, EV 108.1 MPH) Melvin Gomez to second
|
Batting: RHB Chris Norris
|
0-0: SINGLE (Line Drive, 89M, EV 92.5 MPH) Melvin Gomez to third Gabe Gutierrez to second
|
Batting: LHB Aaron Mobley
|
0-0: Ball 1-0: Ball 2-0: Ball 3-0: Called Strike 3-1: Base on Balls Melvin Gomez scores Gabe Gutierrez to third Chris Norris to second
|
Batting: RHB Nick Tiernan
|
0-0: Called Strike 0-1: Ball 1-1: SINGLE (Groundball, 6MD, EV 95.0 MPH) Gabe Gutierrez scores Chris Norris to third Aaron Mobley to second
|
Pinch Hitting: LHB Brendan Hanson
|
0-0: Fly out, F4 (Popup, 4, EV 58.8 MPH)
|
Batting: SHB Berthold Frey
|
0-0: Ball Wild Pitch! Chris Norris scores Aaron Mobley to third Nick Tiernan to second 1-0: Foul Ball, location: 2F 1-1: Ball 2-1: Foul Ball, location: 2F 2-2: Strikes out swinging
|
Top of the 9th over - 3 runs, 4 hits, 0 errors, 2 left on base; Oregon State University 6 - California State University at Fullerton 1 |
BOTTOM OF THE 9TH |
California State University at Fullerton Titans batting - Pitching for Oregon State University Beavers : RHP George Clarke
|
Pitching: RHP Brent Wainwright
|
|
Batting: LHB Caleb Domino
|
0-0: Called Strike 0-1: Ball 1-1: Ball 2-1: Ball 3-1: Base on Balls
|
Batting: RHB Dusty Ballard
|
0-0: Ball 1-0: Called Strike 1-1: 2-RUN HOME RUN (Flyball, 7D, EV 97.5 MPH), Distance : 384 ft
|
Batting: RHB Jayden Bain
|
0-0: Ball 1-0: Fly out, F8 (Line Drive, 8RD, EV 101.9 MPH)
|
Pinch Hitting: LHB Justin Rupert
|
0-0: Swinging Strike 0-1: Ball 1-1: Swinging Strike 1-2: Foul Ball, location: 2F 1-2: Ball 2-2: Foul Ball, location: 2F 2-2: Strikes out swinging
|
Batting: RHB Ingidayehu Lagat
|
0-0: Foul Ball, location: 2F 0-1: Foul Ball, location: 2F 0-2: Ball 1-2: Ball 2-2: Foul Ball, location: 2F 2-2: Foul Ball, location: 2F 2-2: Ball 3-2: Foul Ball, location: 2F 3-2: Fly out, F8 (Flyball, 8LXD, EV 77.5 MPH)
|
Bottom of the 9th over - 2 runs, 1 hit, 0 errors, 0 left on base; Oregon State University 6 - California State University at Fullerton 3 |
|